 Dungeon Crawl Stone Soup version 0.28-a0-793-g31680bbd8b (webtiles) character file.

Game seed: 14897823667315408015

34 Decritt the Magician (level 3, 0/20 HPs)
             Began as a Deep Elf Air Elementalist on Nov 5, 2021.
             Succumbed to an adder's poison
             ... on level 2 of the Dungeon.
             The game lasted 00:08:20 (1390 turns).

Decritt the Magician (Deep Elf Air Elementalist)    Turns: 1390, Time: 00:08:21

Health: 0/20       AC:  2    Str:  5    XL:     3   Next: 14%
Magic:  5/10       EV: 12    Int: 20    God:
Gold:   0          SH:  0    Dex: 15    Spells: 9/10 levels left

rFire   + . .      SeeInvis .   f - staff of fire
rCold   . . .      Faith    .   (no shield)
rNeg    . . .      Spirit   .   a - +0 robe
rPois   .          Reflect  .   (no helmet)
rElec   .          Harm     .   (no cloak)
rCorr   .          Rampage  .   (no gloves)
Will    .....                   (no boots)
Stlth   ++........              (no amulet)
HPRegen 0.06/turn               (no ring)
MPRegen 0.12/turn               (no ring)

@: lethally poisoned (0 -> -3)
A: no striking features
a: no special abilities


You were on level 2 of the Dungeon.
You visited 1 branch of the dungeon, and saw 2 of its levels.

Inventory:

Hand Weapons
 c - a +0 mace of holy wrath
Missiles
 d - 15 poisoned darts
Armour
 a - a +0 robe (worn)
Magical Staves
 f - a staff of fire (weapon)
Scrolls
 b - a scroll of enchant weapon {unknown}
 e - a scroll of enchant armour {unknown}


   Skills:
 + Level 0.9 Fighting
 - Level 2.4 Dodging
 - Level 2.4 Stealth
 * Level 4.1 Spellcasting
 - Level 1.1 Conjurations
 + Level 3.3 Air Magic


You had 9 spell levels left.
You knew the following spells:

 Your Spells              Type           Power      Damage    Failure   Level
a - Shock                 Conj/Air       52%        1d6       4%          1

Your spell library contained the following spells:

 Spells                   Type           Power      Damage    Failure   Level
 Static Discharge         Conj/Air       13%        N/A       8%          2
 Swiftness                Air            17%        N/A       10%         3
 Airstrike                Air            8%         N/A       32%         4


Dungeon Overview and Level Annotations

Branches:
Dungeon (2/15)

Altars:


Message History

The zap misses the adder.
The zap hits the adder.
The adder is severely wounded.
The adder closely misses you.
You hit the adder.
The adder is almost dead.
The adder bites you.
You are poisoned.
The adder poisons you!
You barely miss the adder.
The adder is almost dead.
You feel sick. The adder bites you.
* * * LOW HITPOINT WARNING * * *
The adder bites you.
* * * LOW HITPOINT WARNING * * *
You are lethally poisoned!
The adder poisons you!
You hit the adder.
You kill the adder!
* * * LOW HITPOINT WARNING * * *
You feel sick.
Your magical contamination has completely faded away.
You have reached level 3!
Your experience leads to an increase in your attributes!
Increase (S)trength, (I)ntelligence, or (D)exterity?
You feel clever.
You aren't carrying any potions.
Okay, then.
* * * LOW HITPOINT WARNING * * *
You feel sick.
* * * LOW HITPOINT WARNING * * *
You feel sick.
* * * LOW HITPOINT WARNING * * *
You feel sick.
There is a lethal amount of poison in your body!
There is a lethal amount of poison in your body!
Unknown command.
* * * LOW HITPOINT WARNING * * *
You feel sick.
You die...

#....# #....# ###....#
#....# # .......# #....#
###.### ###.#### #....#
.......
..#.######....####.......
###...........#.....)....
..........#####.##.......
.................#......#
####..)...#####.@#.##.#.#
######## #....# ...
#.#..# .# #.#.... #
#.##.##. #.# .. .. #..
#.# . #. .#


There were no monsters in sight!

Vanquished Creatures
  An adder (D:2)
  5 ball pythons
  2 bats
  4 endoplasms
  3 hobgoblins
  2 kobolds (D:1)
  A frilled lizard (D:1)
  2 goblins (D:1)
  A rat (D:2)
21 creatures vanquished.

Vanquished Creatures (others)
  14 plants (D:1)
14 creatures vanquished.

Grand Total: 35 creatures vanquished

Notes
Turn   | Place    | Note
-------+----------+-------------------------------------------
     0 | D:1      | Decritt the Deep Elf Air Elementalist began the quest for
                  | the Orb.
     0 | D:1      | Reached XP level 1. HP: 10/10 MP: 6/6
   525 | D:1      | Reached XP level 2. HP: 16/16 MP: 5/8
  1335 | D:2      | Reached skill level 4 in Spellcasting
  1386 | D:2      | Reached XP level 3. HP: 6/20 MP: 4/10
  1389 | D:2      | HP: 1/20 [poisoned by an adder]
  1390 | D:2      | Succumbed to an adder's poison

Illustrated notes

Levels and vault maps discovered:
D:1:      roderic_crop_circles_arrival_small, layout_basic
D:2:      layout_basic

Skill      XL: |  1  2 |
---------------+-------+-----
Spellcasting   | 4 |  4.1
Fighting       | |  0.9
Dodging        | |  2.4
Stealth        | |  2.4
Conjurations   | |  1.1
Air Magic      | |  3.3

Action                   || total
-------------------------++-------
Melee: Unarmed           ||     3
       Mace              ||     6
       Staff             ||     3
Throw: Dart              ||     1
 Cast: Shock             ||    43
Armor: Robe              ||     1
Dodge: Dodged            ||     3

Table legend: (Time is in decaauts)
 A = Elapsed time spent in this place.
 B = Non-inter-level travel time spent in this place.
 C = Inter-level travel time spent in this place.
 D = Time resting spent in this place.
 E = Time spent auto-exploring this place.
 F = Levels seen in this place.
 G = Mean time per level.
                   A        B        C        D        E       F      G
               +--------+--------+--------+--------+--------+-----+--------+
         Total |   1388 |   1353 |     35 |    455 |    733 |   2 |  694.0 |
       Dungeon |   1388 |   1353 |     35 |    455 |    733 |   2 |  694.0 |
               +--------+--------+--------+--------+--------+-----+--------+

Top non-repeatable levels by time:
     D:1: 1162 daAuts
     D:2: 226 daAuts
